 Dungeon Crawl Stone Soup version 0.20.1-1-g8b1a95d (webtiles) character file.

116 dohliylev the Covert (level 4, -5/33 HPs)
             Began as a Vampire Assassin on July 8, 2017.
             Was an Initiate of Dithmenos.
             Slain by Sigmund
             ... wielding a +0 scythe
              (8 damage)
             ... on level 3 of the Dungeon.
             The game lasted 00:14:26 (2871 turns).

dohliylev the Covert (Vampire Assassin)             Turns: 2871, Time: 00:14:27

Health: -5/33      AC:  4    Str: 10    XL:     4   Next: 69%
Magic:  1/4        EV: 13    Int: 13    God:    Dithmenos [......]
Gold:   125        SH:  0    Dex: 16    Spells: 3/3 levels left

rFire    . . .     SeeInvis +   a - +2 dagger
rCold    + . .     Gourm    .   (no shield)
rNeg     + + .     Faith    .   c - +0 robe
rPois    +         Spirit   .   (no helmet)
rElec    .         Reflect  .   d - +0 cloak
rCorr    .         Harm     .   m - +0 pair of gloves
MR       .....                  (no boots)
Stlth    +++++.....             (no amulet)
Regen    0.1/turn               (no ring)
MPRegen  0.1/turn               (no ring)

@: regenerating slowly
A: fangs 3, see invisible, unbreathing
a: Bat Form, Renounce Religion


You were on level 3 of the Dungeon.
You worshipped Dithmenos.
Dithmenos was noncommittal.
You were very thirsty.

You visited 1 branch of the dungeon, and saw 3 of its levels.

You collected 125 gold pieces.

Inventory:

Hand Weapons
 a - a +2 dagger (weapon)
 b - a +0 blowgun
 o - a +3 falchion
 t - a +0 antimagic dagger
Missiles
 e - 34 poisoned needles
 f - 2 curare-tipped needles
Armour
 c - a +0 robe (worn)
 d - a +0 cloak (worn)
 m - a +0 pair of gloves (worn)
 u - a +0 buckler
Scrolls
 i - 6 scrolls of identify {unknown}
 j - 2 scrolls of enchant armour {unknown}
 k - a scroll of enchant weapon {unknown}
 l - a scroll of blinking {unknown}
 p - a scroll of fear {unknown}
 q - a scroll of immolation {unknown}
 r - a scroll of teleportation {unknown}
 s - a scroll of random uselessness {unknown}
 v - a scroll of remove curse {unknown}
Potions
 g - 22 potions of blood
 h - 4 potions of curing {unknown}
 n - 2 potions of agility {unknown}
 w - a potion of haste {unknown}


   Skills:
 + Level 1.8 Fighting
 + Level 2.6 Short Blades
 * Level 1.6 Throwing
 + Level 2.0 Dodging
 + Level 8.5 Stealth


You had 3 spell levels left.
You didn't know any spells.

Dungeon Overview and Level Annotations

Branches:
Dungeon (3/15)

Altars:
Dithmenos

Annotations:
D:3 Sigmund


Innate Abilities, Weirdness & Mutations

You heal slowly.
You have razor-sharp teeth.
You have supernaturally acute eyesight. (SInv)
You can survive without breathing.


Message History

You don't have enough magic capacity.
Sigmund whispers, "You'll know eternity soon."
Sigmund casts a spell at you. You resist with some effort.
Okay, then.
Sigmund points at you and mumbles some strange words.
You are confused.
There is an open door here.
Wield which item (- for none, * to show all)? (? for menu, Esc to quit)
You feel magic returning to you.
a - a +2 dagger (weapon)
Sigmund hits you from afar with a scythe.
* * * LOW HITPOINT WARNING * * *
Sigmund points at you and mumbles some strange words.
You resist with some effort.
You feel less confused. Sigmund gestures at you while chanting.
You resist with some effort.
Sigmund hits you from afar with a scythe!
You die...

####...#########.#. ##.## #.#.
### #.# #.#. ..# #.# ###...
#.# ##'## #..... #.# ##...##
#.###. ##.# ##.....## #.###.
##..# ##.......## #.....
.####.).####.@.......####...##
...........@.......).'.......#
.####...####.........####.....
##..# ##.......## ##).##
#####.######.....## ##.#
#........# ##...## #.#
#.###.##@# ##'## #.#
#.##.#####.####### #.#
#...@#............ #.#


You could see Sigmund (invisible).

Vanquished Creatures
  A worker ant zombie (D:2)
  3 adders
  A howler monkey skeleton (D:2)
  2 adder skeletons (D:2)
  2 dart slugs
  3 leopard geckos
  4 giant cockroaches
  7 goblins
  6 hobgoblins
  2 jackals (D:3)
  5 kobolds
  9 bats
  4 frilled lizards
  9 rats
58 creatures vanquished.

Vanquished Creatures (others)
  4 toadstools (D:1)
4 creatures vanquished.

Grand Total: 62 creatures vanquished

Notes
Turn   | Place    | Note
-------+----------+-------------------------------------------
     0 | D:1      | dohliylev the Vampire Assassin began the quest for the Orb.
     0 | D:1      | Reached XP level 1. HP: 16/16 MP: 1/1
    26 | D:1      | Reached skill level 6 in Stealth
   258 | D:1      | Reached XP level 2. HP: 14/22 MP: 2/2
   609 | D:1      | Reached skill level 7 in Stealth
   991 | D:2      | Reached XP level 3. HP: 20/27 MP: 3/3
  1207 | D:2      | Reached skill level 8 in Stealth
  1207 | D:2      | Reached XP level 4. HP: 31/33 MP: 4/4
  2394 | D:3      | Found a shadowy altar of Dithmenos.
  2411 | D:3      | Became a worshipper of Dithmenos the Shadowed
  2833 | D:3      | Noticed Sigmund
  2871 | D:3      | Slain by Sigmund

Skill      XL: |  1  2  3 |
---------------+----------+-----
Stealth        | 6 7 8 |  8.5
Dodging        | 2 |  2.0
Fighting       | |  1.8
Short Blades   | |  2.6
Throwing       | |  1.6

Action                   |  1- 3 |  4- 6 || total
-------------------------+-------+-------++-------
Melee: Dagger            |   112 |    97 ||   209
       Bite              |     7 |     3 ||    10
 Fire: Blowgun           |       |     1 ||     1
  Use: Potion            |       |     1 ||     1
 Stab: Sleeping          |    12 |     6 ||    18
  Eat: Corpse            |       |     1 ||     1
Armor: Robe              |    26 |    19 ||    45
Dodge: Dodged            |    60 |    61 ||   121
Block: Buckler           |       |    10 ||    10
